 Dungeon Crawl Stone Soup version 0.25-a0-160-gd1d2e81aba (webtiles) character file.

Game seed: 10078883335200762727, levelgen mode: deterministic

2 Myrm the Magician (level 1, 0/14 HPs)
             Began as a Draconian Wizard on Nov 21, 2019.
             Slain by a kobold
             ... wielding a +0 dagger
              (1 damage)
             ... on level 1 of the Dungeon.
             The game lasted 00:00:56 (71 turns).

Myrm the Magician (Draconian Wizard)                  Turns: 71, Time: 00:00:57

Health: 0/14       AC:  4    Str:  9    XL:     1   Next: 33%
Magic:  4/4        EV: 12    Int: 18    God:
Gold:   0          SH:  0    Dex:  9    Spells: 5/6 levels left

rFire    . . .     SeeInvis .   (no weapon)
rCold    . . .     Gourm    .   (no shield)
rNeg     . . .     Faith    .   (armour unavailable)
rPois    .         Spirit   .   a - +0 hat
rElec    .         Reflect  .   (no cloak)
rCorr    .         Harm     .   (no gloves)
MR       .....                  (no boots)
Stlth    ++........             (no amulet)
HPRegen  0.04/turn              (no ring)
MPRegen  0.09/turn              (no ring)

@: no status effects
A: unfitting armour, cold-blooded, AC +4
a: no special abilities


You were on level 1 of the Dungeon.
You were not hungry.

You visited 1 branch of the dungeon, and saw 1 of its levels.

Inventory:

Armour
 a - a +0 hat (worn)
Comestibles
 c - a ration


   Skills:
 + Level 1.8 Dodging
 + Level 1.8 Stealth
 + Level 3.1 Spellcasting
 + Level 1.0 Conjurations
   Level 1.0 Summonings
   Level 1.0 Translocations


You had 5 spell levels left.
You knew the following spells:

 Your Spells              Type           Power        Failure   Level  Hunger
a - Magic Dart            Conj           #...         11%         1    None

Your spell library contained the following spells:

 Spells                   Type           Power        Failure   Level  Hunger
 Blink                    Tloc           N/A          16%         2    ##.....
 Call Imp                 Summ           #.......     16%         2    ##.....
 Slow                     Hex            #.......     24%         2    ##.....
 Conjure Flame            Conj/Fire      #.......     36%         3    ###....
 Mephitic Cloud           Conj/Pois/Air  #.......     38%         3    ###....


Dungeon Overview and Level Annotations

Branches:
Dungeon (1/15)

Altars:


Innate Abilities, Weirdness & Mutations

Your plain brown scales are hard. (AC +4)
You cannot fit into any form of body armour.
You are cold-blooded and may be slowed by cold attacks.


Message History

You hit the kobold but do no damage. The kobold hits you but does no damage.
You hit the kobold but do no damage. The kobold hits you but does no damage.
You hit the kobold but do no damage. The kobold hits you with a +0 dagger.
* * * LOW HITPOINT WARNING * * *
You closely miss the kobold. The kobold hits you but does no damage.
You closely miss the kobold.
Your tail-slap misses the kobold.
The kobold closely misses you. The kobold hits you but does no damage.
You closely miss the kobold.
Your tail-slap misses the kobold.
The kobold hits you but does no damage.
You hit the kobold but do no damage. You tail-slap the kobold.
The kobold is severely wounded.
The kobold closely misses you.
You closely miss the kobold.
The kobold is severely wounded.
The kobold closely misses you.
You closely miss the kobold.
The kobold is severely wounded.
The kobold hits you with a +0 dagger.
You die...

######..# #........
######+####........
#..................
#..................
#..................
#..................
#......@K..........
######'############
#.# ########
#.#####......#
#.....'......+
#######......#
#.###### #.# #.#


You could see a kobold.

Vanquished Creatures
  A dart slug (D:1)
1 creature vanquished.

Notes
Turn   | Place    | Note
-------+----------+-------------------------------------------
     0 | D:1      | Myrm the Draconian Wizard began the quest for the Orb.
     0 | D:1      | Reached XP level 1. HP: 14/14 MP: 4/4
    71 | D:1      | Slain by a kobold

Levels and vault maps discovered:
D:1:      tarquinn_simple_flora_water_d, layout_basic

Action                   || total
-------------------------++-------
Melee: Unarmed           ||    17
       Tailslap          ||     3
Armor: Skin              ||     6
Dodge: Dodged            ||     8

Table legend:
 A = Non-vault XP
 B = Vault XP
 C = Vault XP percentage of total XP
 D = Non-vault monster count
 E = Vault monster count
 F = Vault count percentage of total count
                 A         B        C        D         E       F
            +---------+---------+-------+---------+---------+-------
      Total |       4 |       0 |   0.0 |       1 |       0 |   0.0
            +---------+---------+-------+---------+---------+-------
        D:1 |       4 |       0 |   0.0 |       1 |       0 |   0.0
            +---------+---------+-------+---------+---------+-------
